 Dungeon Crawl Stone Soup version 0.31-a0-1074-g0b22e4e0f1 (webtiles) character file.

Game seed: 16869184415495132844

3046 CowFu the Grappler (level 9, -1/74 HPs)
             Began as a White Draconian Shapeshifter on Dec 4, 2023.
             Was an Initiate of Gozag.
             Slain by an orc warrior
             ... wielding a +0 glaive
              (9 damage)
             ... on level 9 of the Dungeon.
             The game lasted 00:11:27 (6891 turns).

CowFu the Grappler (White Draconian Shapeshifter)   Turns: 6891, Time: 00:11:28

Health: -1/74      AC: 11    Str: 18    XL:     9   Next: 56%
Magic:  0/9        EV: 18    Int: 10    God:    Gozag
Gold:   479        SH:  0    Dex: 11    Spells: 8/8 levels left

rFire   . . .        n - +6 rapier of Eternal Harmony {drain, rPois rC+++ Str-3 SInv}
rCold   + + +        x - orb {light}
rNeg    . . .        (body armour unavailable)
rPois   +            (helmet currently unavailable)
rElec   .            (cloak currently unavailable)
rCorr   .            (gloves currently unavailable)
SInv    +            (boots currently unavailable)
Will    .....        A - amulet of guardian spirit
Stlth   +            d - +5 ring of evasion
HPRegen 0.32/turn    k - +4 ring of protection
MPRegen 0.11/turn

%: guardian spirit
@: beast-form, glowing
A: beast (slay +4), breathe frost, AC +7, unfitting armour, cold resistance 1,
cold-blooded
a: Breathe Frost, Begin Untransformation, Renounce Religion, Potion Petition,
Call Merchant, Bribe Branch


You were on level 9 of the Dungeon.
You worshipped Gozag.
Gozag was aware of your devotion.
You were a hulking beast.
You visited 2 branches of the dungeon, and saw 10 of its levels.
You also visited: Sewer.

You collected 679 gold pieces.
You spent 123 gold pieces at shops.
You paid 77 gold pieces to Gozag.

Inventory:

Hand Weapons
 n - the +6 rapier of Eternal Harmony (weapon) {drain, rPois rC+++ Str-3 SInv}
   (You found it on level 3 of the Dungeon)

   Str-3:     It affects your strength (-3).
   rC+++:     It renders you almost immune to cold.
   rPois:     It protects you from poison SInv: It lets you see invisible.
 t - the +4 long sword "Toogiat" {vamp, Drain rN+++}
   (You found it on level 6 of the Dungeon)

   rN+++:     It renders you almost immune to negative energy.
   Drain:     It drains your maximum health when unequipped.
Missiles
 h - a throwing net
Armour
 i - a +1 cloak
 p - a +0 pair of gloves
 x - an orb of light (worn)
Jewellery
 d - a +5 ring of evasion (left hand)
 e - a ring of wizardry
 k - a +4 ring of protection (right hand)
 A - an amulet of guardian spirit (around neck)
 E - an amulet of reflection
Talismans
 b - a beast talisman
 c - a flux talisman
Wands
 g - a wand of roots (3)
 r - a wand of acid (8)
 s - a wand of digging (3)
 D - a wand of mindburst (30)
Scrolls
 f - a scroll of teleportation
 l - a scroll of blinking
 m - 2 scrolls of enchant armour
 u - 2 scrolls of enchant weapon
Potions
 a - 3 potions of lignification
 j - 4 potions of curing
 o - 2 potions of berserk rage
 q - a potion of invisibility
 w - 2 potions of resistance
 z - 2 potions of haste
 B - 2 potions of heal wounds
 F - a potion of attraction {unknown}


   Skills:
 + Level 5.2 Fighting
 + Level 4.5 Dodging
 - Level 10.0 Unarmed Combat
 - Level 7.0 Shapeshifting


You had 8 spell levels left.
You didn't know any spells.
Your spell library contained the following spells:

 Spells                   Type           Power      Damage    Failure   Level
 Apportation              Tloc           0%         N/A       36%         1
 Kiss of Death            Conj/Necr      0%         2d5       36%         1
 Magic Dart               Conj           0%         1d3       36%         1
 Necrotise                Necr           0%         1d4       36%         1
 Summon Small Mammal      Summ           0%         N/A       36%         1
 Scorch                   Fire           0%         2d5       50%         2
 Searing Ray              Conj           0%         2d4       50%         2
 Confusing Touch          Hex            0%         N/A       75%         3
 Hailstorm                Conj/Ice       0%         3d3       75%         3
 Volatile Blastmotes      Fire/Tloc      0%         2d10      75%         3
 Dispel Undead            Necr           0%         3d6       98%         4
 Flame Wave               Conj/Fire      0%         2d4       98%         4
 Fulminant Prism          Conj/Hex       0%         3d5       98%         4
 Iskenderun's Mystic Bla  Conj/Tloc      0%         2d3       98%         4
 Summon Ice Beast         Ice/Summ       0%         N/A       98%         4
 Summon Cactus Giant      Summ           0%         N/A       100%        6
 Simulacrum               Ice/Necr       Unusable   N/A       N/A         6

Dungeon Overview and Level Annotations

Branches:
Dungeon (9/15)             Temple (1/1) D:6           Sewer (visited)
   Lair: D:8-11         Orc: D:9-12

Altars:
Ashenzari
Cheibriados
Dithmenos
Elyvilon
Fedhas
Gozag
Kikubaaqudgha
Makhleb
Nemelex Xobeh
Okawaru
Qazlal
Ru
Sif Muna
Trog
Uskayaw
Vehumet
Wu Jian
Xom
Zin
The Shining One

Shops:
D:3 :   D:5 ?!(*


Innate Abilities, Weirdness & Mutations

You are a hulking beast.
Your limbs bulge with bestial killing power. (Slay +4)
You can breathe waves of freezing cold which knock back foes.
Your icy white scales are hard. (AC +7)
You cannot fit into any form of body armour.
Your flesh is cold resistant. (rC+)
You are cold-blooded and may be slowed by cold attacks.


Message History

The raiju is no longer distracted by gold.
An electric eel comes into view.
The raiju bites you! The raiju shocks you!
The electric eel shoots out a bolt of lightning at you!
The bolt of electricity hits you!
* * * LOW HITPOINT WARNING * * *
You see here 5 gold pieces.
The raiju bursts into living lightning!
The living lightning hits you!
* * * LOW HITPOINT WARNING * * *
The raiju blinks!
There is a stone staircase leading down here.
The electric eel shoots out a bolt of lightning at you!
The bolt of electricity hits you.
* * * LOW HITPOINT WARNING * * *
You climb downwards.
The orc wizard shouts!
You hear a shout!
There is a stone staircase leading up here.
Found a falchion.
The orc wizard casts a spell at you.
You easily resist.
An orc warrior and an orc wizard come into view.
The orc warrior shouts!
The orc wizard hits you but does no damage.
You closely miss the orc wizard. You tail-slap the orc wizard.
The orc wizard is heavily wounded.
The orc wizard gestures at you while chanting.
You easily resist.
You hit the orc wizard. You drain the orc wizard.
You kill the orc wizard!
The orc warrior barely misses you. The orc warrior completely misses you.
Things that are here:
8 gold pieces; a +0 dagger; a +0 robe You hit the orc warrior but do no damage.
The orc wizard gestures wildly while chanting.
The orc wizard flickers and vanishes for a moment.
The orc warrior hits you with a +0 glaive!
You die...
Your body crumbles into a pile of gold.

# #. #. #+# #
#)##.#####.#
###.#....#<....#
...........#...#
##....h#..# ..#
#####o#......#
#o##...#.#
#.###### #.# #.#
#.# #..


You could see an orc warrior and an orc wizard (invisible).

Vanquished Creatures
  A raiju (D:8)
  A wyvern (D:8)
  Eustachio (D:4)
  Pargi (Sewer)
  A sky beast (D:7)
  2 ogres
  4 phantoms
  2 gnoll sergeants
  3 bullfrogs
  6 wights
  6 killer bees (D:7)
  A howler monkey (D:6)
  An electric eel (D:8)
  An orc priest (D:8)
  4 hounds
  3 jellies
  2 gnoll boudas
  3 iguanas
  3 orc wizards
  2 sleepcaps
  An ogre zombie (D:5)
  The ghost of pigah the Insei, a weakling OpSh (D:3)
  8 adders
  23 gnolls
  An orc zombie (D:5)
  4 ufetubi
  A worm (D:2)
  A dart slug (D:4)
  20 orcs
  6 ball pythons
  6 bats
  12 endoplasms
  6 giant cockroaches
  7 goblins
  7 hobgoblins
  10 jackals
  6 quokkas
  4 frilled lizards
  13 kobolds
  3 rats
188 creatures vanquished.

Notes
Turn   | Place    | Note
-------+----------+-------------------------------------------
     0 | D:1      | CowFu the Draconian Shapeshifter began the quest for the
                  | Orb.
     0 | D:1      | Reached XP level 1. HP: 16/16 MP: 1/1
   158 | D:1      | Reached XP level 2. HP: 18/23 MP: 2/2
   902 | D:2      | Reached XP level 3. HP: 23/29 MP: 3/3
   992 | D:2      | You fall into a shaft and drop 1 floor!
   992 | D:3      | Found Qiant's Book Shop.
   996 | D:3      | Identified the +6 rapier of Eternal Harmony {drain, rPois
                  | rC+++ Str-3 SInv}
  1103 | D:3      | Reached XP level 4. HP: 27/36 MP: 4/4
  1226 | D:3      | Reached skill level 4 in Unarmed Combat
  1417 | D:3      | Found a runed translucent door.
  1427 | D:3      | Noticed pigah's ghost (weakling OpSh)
  1501 | D:2      | Reached XP level 5. HP: 34/41 MP: 5/5
  1728 | D:2      | Found a faded altar of an unknown god.
  2115 | D:3      | Killed pigah's ghost
  2235 | D:4      | Found a snail-covered altar of Cheibriados.
  2300 | D:4      | Reached skill level 5 in Unarmed Combat
  2306 | D:4      | Found a glowing drain.
  2310 | Sewer    | Entered a sewer
  2430 | Sewer    | Noticed Pargi
  2434 | Sewer    | Killed Pargi
  2435 | Sewer    | Reached skill level 5 in Shapeshifting
  2435 | Sewer    | Reached XP level 6. HP: 39/48 MP: 6/6
  2641 | D:4      | Found a bloodstained altar of Trog.
  2717 | D:4      | Noticed Eustachio
  2728 | D:4      | Killed Eustachio
  2752 | D:4      | Your scales start taking on an icy white colour.
  2752 | D:4      | Reached XP level 7. HP: 52/55 MP: 7/7
  2752 | D:4      | Gained mutation: Your flesh is cold resistant. (rC+) [White
                  | Draconian growth]
  2983 | D:5      | Entered Level 5 of the Dungeon
  3028 | D:5      | Reached skill level 6 in Unarmed Combat
  3059 | D:5      | Found Nutzajimm's Antique Weapon Boutique.
  3059 | D:5      | Found Serahawk's Magic Scroll Boutique.
  3059 | D:5      | Found Amun's Assorted Antiques.
  3059 | D:5      | Found Habogher's Distillery.
  3149 | D:5      | Bought a potion of curing for 78 gold pieces
  3165 | D:5      | Bought a potion of curing for 45 gold pieces
  3334 | D:5      | Found a transporter.
  3643 | D:5      | Found a shadowy altar of Dithmenos.
  3744 | D:5      | Found a transporter.
  4387 | D:6      | Reached skill level 7 in Unarmed Combat
  4425 | D:6      | Reached XP level 8. HP: 61/61 MP: 8/8
  4491 | D:6      | Found a staircase to the Ecumenical Temple.
  4503 | D:6      | Identified the +4 long sword "Toogiat" {vamp, Drain rN+++}
  4513 | Temple   | Entered the Ecumenical Temple
  4518 | Temple   | Became a worshipper of Gozag Ym Sagoz the Greedy
  4763 | D:6      | Reached skill level 8 in Unarmed Combat
  4888 | D:7      | Reached skill level 9 in Unarmed Combat
  5337 | D:7      | Reached XP level 9. HP: 28/66 MP: 9/9
  5341 | D:7      | Reached skill level 10 in Unarmed Combat
  6325 | D:8      | Found a shimmering altar of Xom.
  6629 | D:8      | Found a white marble altar of Elyvilon.
  6877 | D:8      | Reached skill level 5 in Fighting
  6891 | D:9      | Slain by an orc warrior

Illustrated notes

Levels and vault maps discovered:
D:1:      heliophobic_arrival_ceremonial_halls, layout_loops_ring,
          serial_forest, infiniplex_forest_end_3, infiniplex_forest_end_3,
          infiniplex_forest_end_2, infiniplex_forest_clump_medium,
          infiniplex_forest_lined_room_2, infiniplex_forest_lined_room_3,
          infiniplex_forest_lined_3
D:2:      layout_basic, hellmonk_ecumenical_altar_dog_temple,
          nicolae_grassy_gnolls
D:3:      layout_rooms, serial_glass, glass_columns_b, glass_columns_a,
          serial_shops, shop, gammafunk_ghost_grave, minmay_fountain_box
D:4:      layout_cave_pools, trog_butcher_becter, cheibriados_altar_1,
          gup_sewer_entry_spiral, uniq_eustachio
D:5:      gammafunk_cloud_chamber, layout_layer_cave,
          nicolae_dithmenos_shadow_blocks, minmay_shop_grid_forest
D:6:      layout_rooms, minmay_temple_entry_offerings
D:7:      layout_basic, grunt_decor_resistance
D:8:      layout_gridville, mainiacjoe_overflow_brackets, old_standard_altar,
          nicolae_have_a_lightning_rod
D:9:      layout_basic, eino_small_chamber_without_monster
Temple:   minmay_freezing_vapour_temple

Skill      XL: |  1  2  3  4  5  6  7  8  9 |
---------------+----------------------------+-----
Dodging        | 2 4 |  4.5
Fighting       | 2 5 |  5.2
Unarmed Combat | 4 5 7 9 10 | 10.0
Shapeshifting  | 4 5 6 7 |  7.0

Action                     |  1- 3 |  4- 6 |  7- 9 || total
---------------------------+-------+-------+-------++-------
  Melee: Unarmed           |    68 |       |       ||    68
         Punch             |     3 |     2 |       ||     5
         Tailslap          |     8 |     7 |    33 ||    48
         Rapier            |    17 |   136 |   237 ||   390
    Use: Scroll            |       |     1 |    17 ||    18
         Potion            |       |       |     2 ||     2
   Stab: Sleeping          |     1 |     2 |       ||     3
 Armour: Skin              |    30 |    59 |   175 ||   264
  Dodge: Dodged            |    57 |   140 |   307 ||   504

Table legend: (Time is in decaauts)
 A = Elapsed time spent in this place.
 B = Non-inter-level travel time spent in this place.
 C = Inter-level travel time spent in this place.
 D = Time resting spent in this place.
 E = Time spent auto-exploring this place.
 F = Levels seen in this place.
 G = Mean time per level.
                   A        B        C        D        E       F      G
               +--------+--------+--------+--------+--------+-----+--------+
         Total |   7003 |   6689 |    314 |      0 |   5366 |  11 |  636.6 |
       Dungeon |   6811 |   6501 |    310 |      0 |   5233 |   9 |  756.8 |
        Temple |     10 |      6 |      4 |      0 |      0 |   1 |   10.0 |
         Sewer |    181 |    181 |      0 |      0 |    133 |   1 |  181.0 |
               +--------+--------+--------+--------+--------+-----+--------+

Top non-repeatable levels by time:
     D:5: 1326 daAuts
     D:7: 1171 daAuts
     D:1: 878 daAuts
     D:6: 757 daAuts
     D:2: 688 daAuts
     D:4: 687 daAuts
     D:8: 682 daAuts
     D:3: 613 daAuts
   Sewer: 181 daAuts
  Temple: 10 daAuts
     D:9: 6 daAuts
